 Dungeon Crawl Stone Soup version 0.24-a0-358-g53aee78b01 (webtiles) character file.

Game seed: 2988759881867262045

949 MisterFreud the Changer (level 8, -4/48 HPs)
             Began as an Octopode Transmuter on May 24, 2019.
             Was a Follower of Cheibriados.
             Slain by an iguana (13 damage)
             ... on level 6 of the Dungeon on May 25, 2019.
             The game lasted 00:16:16 (4795 turns).

MisterFreud the Changer (Octopode Transmuter)       Turns: 4795, Time: 00:16:16

Health: -4/48      AC:  2    Str: 12    XL:     8   Next: 13%
Magic:  24/24      EV: 20    Int: 21    God:    Cheibriados [*.....]
Gold:   210        SH:  0    Dex: 20    Spells: 6/17 levels left

rFire    . . .     SeeInvis .     - Unarmed
rCold    . . .     Gourm    .   (shield currently unavailable)
rNeg     . . .     Faith    .   (helmet currently unavailable)
rPois    x         Spirit   .   b - amulet of magic regeneration
rElec    .         Reflect  .   n - ring of magical power
rCorr    .         Harm     .   (no ring)
MR       .....                  (no ring)
Stlth    ++........             (no ring)
HPRegen  0.16/turn              (no ring)
MPRegen  0.44/turn              (no ring)
                                (no ring)
                                (no ring)

@: spider-form (expiring), very slow
A: tiny, almost no armour, stealthy swim, (amphibious), 8 rings, (constrict 8)
a: End Transformation, Bend Time, Renounce Religion


You were on level 6 of the Dungeon.
You worshipped Cheibriados.
Cheibriados was aware of your devotion.
You were hungry.
You were a venomous arachnid creature.
You visited 1 branch of the dungeon, and saw 6 of its levels.

You collected 210 gold pieces.

Inventory:

Missiles
 a - 95 arrows
Jewellery
 b - an amulet of magic regeneration (around neck)
 n - a ring of magical power (left front leg)
 s - an uncursed amulet of the acrobat
Wands
 e - a wand of polymorph (11)
Scrolls
 f - 3 scrolls of remove curse
 g - 2 scrolls of magic mapping
 h - a scroll of blinking {unknown}
 k - 3 scrolls of teleportation
 o - 2 scrolls of amnesia
 r - a scroll of enchant armour {unknown}
 v - a scroll of identify
Potions
 d - a potion of ambrosia
 i - a potion of agility
 j - 2 potions of curing
 l - a potion of might
 m - a potion of cancellation
 p - a potion of magic
 q - a potion of heal wounds
 t - 2 potions of mutation
Comestibles
 c - 11 rations


   Skills:
 - Level 1.0 Fighting
 - Level 2.0 Dodging
 - Level 3.0 Unarmed Combat
 + Level 5.1 Spellcasting
 * Level 7.7 Transmutations


You had 6 spell levels left.
You knew the following spells:

 Your Spells              Type           Power        Failure   Level  Hunger
a - Beastly Appendage     Tmut           #####.       3%          1    None
b - Sticks to Snakes      Tmut           #####...     4%          2    None
c - Spider Form           Tmut/Pois      ###.......   19%         3    ##.....
d - Blade Hands           Tmut           #####.....   30%         5    #####..

Your spell library contained the following spells:

 Spells                   Type           Power        Failure   Level  Hunger
 Ice Form                 Ice/Tmut       ###.....     43%         4    ####...


Dungeon Overview and Level Annotations

Branches:
Dungeon (6/15)             Temple (0/1) D:4

Altars:
Cheibriados
Dithmenos
Elyvilon
Kikubaaqudgha
Makhleb
Nemelex Xobeh
Qazlal
Ru
The Shining One


Innate Abilities, Weirdness & Mutations

You cannot wear most types of armour.
You are very stealthy in the water. (Stealth+)
((You are amphibious.))
You can wear up to eight rings at the same time.
((You can use your tentacles to constrict eight enemies at once.))
((Your skin changes colour to match your surroundings (Stealth+).))
((Your rubbery body absorbs attacks. (AC +1, EV +1)))


Message History

The worker ant is severely wounded.
You kill the worker ant!
Cheibriados appreciates the change of pace.
An iguana comes into view.
Your transformation is almost over.
The iguana hisses angrily.
The iguana bites you! x2
You are too injured to fight recklessly!
You are too injured to fight recklessly!
You hit the iguana.
The iguana is poisoned.
The iguana is moderately wounded.
The iguana barely misses you.
You hit the iguana but do no damage.
The iguana is moderately wounded.
The iguana bites you!
* * * LOW HITPOINT WARNING * * *
You hit the iguana.
The iguana is heavily wounded.
The iguana bites you!
You die...

.##.# .... #... #...
# ##..#.#
#...#.###.#
#...l.....#
#s####### ##
#.##....# ... .
#.##....# ...# ..
#.##....#... #.#
#.##.....# .#...
#.##..<..#
......#.##.....#
..........#........
.#.####......#.##...


You could see an iguana.

Vanquished Creatures
  Sigmund (D:5)
  Eustachio (D:5)
  A black bear (D:4)
  A sky beast (D:5)
  An ogre (D:5)
  2 scorpions
  A crimson imp (D:2)
  An orc priest (D:4)
  A hound (D:5)
  2 worker ants
  6 adders
  2 worms
  2 adder skeletons (D:4)
  A dart slug (D:2)
  4 leopard geckos
  8 orcs
  A ball python (D:5)
  5 bats
  4 giant cockroaches
  2 goblins
  12 hobgoblins
  2 jackals (D:3)
  A quokka (D:2)
  2 frilled lizards
  8 kobolds
  6 rats
78 creatures vanquished.

Notes
Turn   | Place    | Note
-------+----------+-------------------------------------------
     0 | D:1      | MisterFreud the Octopode Transmuter began the quest for the
                  | Orb.
     0 | D:1      | Reached XP level 1. HP: 13/13 MP: 3/3
   237 | D:1      | Reached XP level 2. HP: 18/18 MP: 3/5
  1193 | D:2      | Found a sparkling altar of Nemelex Xobeh.
  1199 | D:2      | Reached skill level 3 in Transmutations
  1199 | D:2      | Reached XP level 3. HP: 21/23 MP: 6/6
  1208 | D:2      | Learned a level 2 spell: Sticks to Snakes
  1212 | D:2      | Learned a level 3 spell: Spider Form
  1776 | D:2      | Reached XP level 4. HP: 28/28 MP: 8/8
  1964 | D:2      | Found a glowing golden altar of the Shining One.
  1965 | D:2      | Found a shadowy altar of Dithmenos.
  2079 | D:2      | Reached skill level 4 in Transmutations
  2119 | D:2      | Found a stormy altar of Qazlal.
  2176 | D:2      | Found a snail-covered altar of Cheibriados.
  2184 | D:2      | Became a worshipper of Cheibriados the Contemplative
  2249 | D:3      | Found a burning altar of Makhleb.
  2504 | D:3      | Reached XP level 5. HP: 27/33 MP: 9/9
  2610 | D:3      | Upgraded the game from 0.24-a0-355-gbe4061de67 to
                  | 0.24-a0-358-g53aee78b01
  2853 | D:4      | Found an ancient bone altar of Kikubaaqudgha.
  3001 | D:4      | Found a white marble altar of Elyvilon.
  3083 | D:4      | Reached * piety under Cheibriados
  3444 | D:4      | Reached skill level 5 in Transmutations
  3514 | D:4      | Reached XP level 6. HP: 30/38 MP: 11/11
  3556 | D:4      | Found a staircase to the Ecumenical Temple.
  3723 | D:4      | Found a sacrificial altar of Ru.
  3772 | D:4      | Noticed a black bear
  3782 | D:4      | Killed a black bear
  3954 | D:5      | Entered Level 5 of the Dungeon
  3987 | D:5      | Noticed a sky beast
  3997 | D:5      | Killed a sky beast
  3997 | D:5      | Reached skill level 6 in Transmutations
  3997 | D:5      | Reached XP level 7. HP: 24/43 MP: 13/13
  4004 | D:5      | Learned a level 5 spell: Blade Hands
  4610 | D:5      | Noticed Eustachio
  4628 | D:5      | Killed Eustachio
  4628 | D:5      | Reached skill level 7 in Transmutations
  4670 | D:5      | Noticed Sigmund
  4681 | D:5      | Killed Sigmund
  4681 | D:5      | Reached skill level 5 in Spellcasting
  4681 | D:5      | Reached XP level 8. HP: 22/48 MP: 15/15
  4795 | D:6      | Slain by an iguana

Levels and vault maps discovered:
D:1:      onia_arrival_pyramid, layout_loops_corners, minmay_misc_feat_doors,
          minmay_bisected
D:2:      layout_basic, nicolae_qazlal_eye_of_the_storm,
          nemelex_xobeh_ov_fountains_minmay, gammafunk_temple_overflow_pools,
          lemuel_coloured_pillars_altar
D:3:      layout_loops_ring, nicolae_overflow_crystal_walls,
          hangedman_decor_slide_cut
D:4:      layout_loops_corners, kiku_gazebo_pond_becter,
          nicolae_ru_awakened_eye, old_standard_altar, minmay_temple_entry_mist,
          grunt_decor_cap
D:5:      layout_basic, first_ration, minmay_misc_feat_roman, abandoned_shop,
          hex_large, uniq_eustachio, uniq_sigmund
D:6:      cheibrodos_iron_armory, layout_basic, fedhas_altar_3, chequers_avenue,
          minivault_1, skrybe_limestone_x, uniq_blork_the_orc

Skill      XL: |  1  2  3  4  5  6  7 |
---------------+----------------------+-----
Transmutations | 3 4 5 6 7 |  7.7
Spellcasting   | 3 4 5 |  5.1
Fighting       | |  1.0
Dodging        | |  2.0
Unarmed Combat | |  3.0

Action                   |  1- 3 |  4- 6 |  7- 9 || total
-------------------------+-------+-------+-------++-------
Melee: Unarmed           |    80 |   115 |    48 ||   243
       Constrict         |    20 |    17 |     4 ||    41
       Tentacles         |     8 |     9 |     2 ||    19
       Kick              |     6 |     5 |       ||    11
       Punch             |     2 |       |       ||     2
 Cast: Beastly Appendage |    15 |     4 |       ||    19
       Spider Form       |     2 |    11 |     4 ||    17
       Blade Hands       |       |       |     1 ||     1
 Abil: End Transformatio |     1 |     3 |     1 ||     5
  Use: Potion            |     1 |       |       ||     1
       Scroll            |       |    14 |     4 ||    18
 Stab: Sleeping          |     1 |       |     1 ||     2
  Eat: Chunk             |     3 |     8 |     1 ||    12
Armor: Skin              |     3 |     8 |     1 ||    12
Dodge: Dodged            |    61 |    79 |    26 ||   166

Table legend:
 A = Non-vault XP
 B = Vault XP
 C = Vault XP percentage of total XP
 D = Non-vault monster count
 E = Vault monster count
 F = Vault count percentage of total count
                 A         B        C        D         E       F
            +---------+---------+-------+---------+---------+-------
      Total |     958 |     398 |  29.4 |      73 |       5 |   6.4
            +---------+---------+-------+---------+---------+-------
        D:1 |      25 |       5 |  16.7 |      14 |       3 |  17.6
        D:2 |     117 |       0 |   0.0 |      17 |       0 |   0.0
        D:3 |      40 |       0 |   0.0 |      15 |       0 |   0.0
        D:4 |     338 |       0 |   0.0 |      17 |       0 |   0.0
        D:5 |     402 |     393 |  49.4 |       9 |       2 |  18.2
        D:6 |      36 |       0 |   0.0 |       1 |       0 |   0.0
            +---------+---------+-------+---------+---------+-------
